 Dungeon Crawl Stone Soup version 0.21.1-1-g345015fe64 (webtiles) character file.

62 Gargoyl the Skirmisher (level 3, -1/31 HPs)
             Began as a Centaur Abyssal Knight on Mar 24, 2018.
             Was a Follower of Lugonu.
             Slain by a hobgoblin (4 damage)
             ... on level 2 of the Dungeon.
             The game lasted 00:05:12 (2255 turns).

Gargoyl the Skirmisher (Centaur Abyssal Knight)     Turns: 2255, Time: 00:05:12

Health: -1/31      AC:  6    Str: 14    XL:     3   Next: 85%
Magic:  4/4        EV:  4    Int: 11    God:    Lugonu [*.....]
Gold:   70         SH:  6    Dex:  9    Spells: 2/2 levels left

rFire    . . .     SeeInvis .   a - +1 hand axe
rCold    . . .     Gourm    .   f - +0 shield
rNeg     . . .     Faith    .   e - +0 scale mail
rPois    .         Spirit   .   (no helmet)
rElec    .         Reflect  .   (no cloak)
rCorr    .         Harm     .   (no gloves)
MR       .....     Rnd*Tele +   (no barding)
Stlth    ..........             d - amulet of inaccuracy (curse)
HPRegen  0.10/turn              h - ring of teleportation (curse)
MPRegen  0.09/turn              (no ring)

@: lethally poisoned (-1 -> -5), very quick
A: large, hooves 3, deformed body, speed 2, tough skin 3
a: Depart the Abyss, Renounce Religion


You were on level 2 of the Dungeon.
You worshipped Lugonu.
Lugonu was aware of your devotion.
You were not hungry.

You visited 1 branch of the dungeon, and saw 2 of its levels.
You visited the Abyss 1 time.

You collected 70 gold pieces.

Inventory:

Hand Weapons
 a - a +1 hand axe (weapon)
Armour
 e - a +0 scale mail (worn)
 f - a +0 shield (worn)
Jewellery
 d - a cursed amulet of inaccuracy (around neck)
 h - a cursed ring of teleportation (left hand)
Scrolls
 b - a scroll of identify
Comestibles
 c - 3 rations
 g - 2 chunks of flesh


   Skills:
 + Level 3.2 Fighting
 + Level 2.1 Axes
 * Level 2.3 Armour
 + Level 0.9 Dodging
 + Level 0.2 Shields
 * Level 2.6 Invocations


You had 2 spell levels left.
You didn't know any spells.

Dungeon Overview and Level Annotations

Branches:
Dungeon (2/15)

Altars:


Innate Abilities, Weirdness & Mutations

You have hooves in place of feet.
Armour fits poorly on your strangely shaped body.
You cover ground very quickly.
You have extremely tough skin. (AC +3)


Message History

The adder poisons you!
You slash the adder!
You kill the adder!
Lugonu accepts your kill.
You closely miss the giant cockroach. You closely miss the hobgoblin.
Your shield and scale mail prevent you from hitting the goblin.
* * * LOW HITPOINT WARNING * * *
You feel sick. You block the giant cockroach's attack.
The hobgoblin hits you but does no damage.
The goblin hits you but does no damage.
Unknown command.
You aren't carrying any potions.
You barely miss the hobgoblin.
The hobgoblin is lightly wounded.
You hit the goblin but do no damage. You miss the giant cockroach.
* * * LOW HITPOINT WARNING * * *
You feel sick.
The giant cockroach completely misses you.
The hobgoblin hits you.
You die...

... #>.......###
###.##................#
#.....................##
#.......................
#...............(....##.
#...............(.......
#.....!..............##<
#. #..s.g............##.
#. #.@g...........###.
#.## .#
#.......#..........
#..####.# #..####.#
########. ......#.##
##.###.. #... ..........
#...#.# #.## .......#
..#.#.# ... ..<....#
####...# ..# .......#
#..)..## #.# .......# #
#.###.# ...


You could see a giant cockroach, a hobgoblin and a goblin.

Vanquished Creatures
  2 adders
  A worm (D:2)
  3 dart slugs
  A leopard gecko (D:1)
  A ball python (D:2)
  A bat (D:1)
  A giant cockroach (D:1)
  2 goblins
  6 hobgoblins
  4 jackals (D:2)
  4 kobolds
  2 frilled lizards (D:1)
  4 rats
32 creatures vanquished.

Notes
Turn   | Place    | Note
-------+----------+-------------------------------------------
     0 | Abyss:1  | Gargoyl the Centaur Abyssal Knight began the quest for the Orb.
     0 | Abyss:1  | Reached XP level 1. HP: 19/19 MP: 2/2
   103 | Abyss:1  | Noticed a great orb of eyes
   112 | Abyss:1  | Noticed a rakshasa
   165 | Abyss:1  | Noticed an ancient zyme
   170 | Abyss:1  | Noticed a small abomination
   179 | Abyss:1  | Noticed a starcursed mass
   184 | Abyss:1  | Noticed a large abomination
   210 | Abyss:1  | Noticed a quasit
   256 | Abyss:1  | Noticed a hell hound
   260 | Abyss:1  | Noticed a quasit
   260 | Abyss:1  | Noticed a bone dragon
   262 | D:1      | Escaped the Abyss
   971 | D:1      | Reached XP level 2. HP: 22/26 MP: 3/3
  1139 | D:1      | Reached * piety under Lugonu
  1824 | D:2      | Reached XP level 3. HP: 17/31 MP: 4/4
  2255 | D:2      | Slain by a hobgoblin

Skill      XL: |  1  2 |
---------------+-------+-----
Axes           | 2 |  2.1
Armour         | 2 |  2.3
Fighting       | |  3.2
Dodging        | |  0.9
Shields        | |  0.2
Invocations    | |  2.6

Action                   || total
-------------------------++-------
Melee: Hand axe          ||   149
       Kick              ||    14
Invok: Depart the Abyss  ||     1
  Use: Scroll            ||     3
       Potion            ||     2
  Eat: Chunk             ||     3
Armor: Scale mail        ||   115
       Leather armour    ||     5
Dodge: Dodged            ||    35
Block: Shield            ||    54
